 Dungeon Crawl Stone Soup version 0.26.1-11-gd32895ea62 (webtiles) character file.

Game seed: 2311830081089099081

1283 hawla the Conjurer (level 8, 0/61 HPs)
             Began as a Purple Draconian Conjurer on June 22, 2021.
             Was a Believer of Vehumet.
             Slain by a killer bee (8 damage)
             ... on level 6 of the Dungeon on June 23, 2021.
             The game lasted 00:16:28 (8516 turns).

hawla the Conjurer (Purple Draconian Conjurer)      Turns: 8516, Time: 00:16:29

Health: 0/61       AC: 10    Str:  9    XL:     8   Next: 29%
Magic:  0/15       EV: 13    Int: 23    God:    Vehumet [**....]
Gold:   265        SH:  0    Dex: 10    Spells: 9/17 levels left

rFire    + . .     SeeInvis .   e - +2 short sword (venom)
rCold    . . .     Faith    .   (no shield)
rNeg     . . .     Spirit   .   (armour unavailable)
rPois    .         Reflect  .   (helmet restricted)
rElec    .         Harm     .   c - +0 cloak of Incorporation {rF+ Int+2}
rCorr    .         Rampage  .   h - +2 pair of gloves
Will     +....                  (no boots)
Stlth    ++........             (no amulet)
HPRegen  0.20/turn              (no ring)
MPRegen  0.14/turn              (no ring)

@: lethally poisoned (0 -> -3)
A: breathe power, unfitting armour, cold-blooded, AC +6
a: Breathe Dispelling Energy, Renounce Religion


You were on level 6 of the Dungeon.
You worshipped Vehumet.
Vehumet was pleased with you.
You visited 1 branch of the dungeon, and saw 7 of its levels.

You collected 265 gold pieces.

Inventory:

Hand Weapons
 d - a +0 dagger of protection
 e - a +2 short sword of venom (weapon)
Missiles
 l - 2 boomerangs (quivered)
Armour
 c - the +0 cloak of Incorporation (worn) {rF+ Int+2}
   (You found it on level 4 of the Dungeon)

   It affects your intelligence (+2).
   It protects you from fire.
 h - a +2 pair of gloves (worn)
Wands
 n - a wand of paralysis (12)
Scrolls
 f - 4 scrolls of remove curse
Potions
 a - a potion of haste
 b - a potion of resistance {unknown}
 g - 3 potions of lignification {unknown}
 i - a potion of curing
 j - a potion of heal wounds
 k - 2 potions of cancellation {unknown}
 m - a potion of brilliance {unknown}


   Skills:
 + Level 1.9 Fighting
 + Level 2.3 Short Blades
 + Level 3.4 Dodging
 + Level 2.6 Stealth
 + Level 5.2 Spellcasting
 + Level 7.5 Conjurations
 + Level 3.2 Translocations
 + Level 1.1 Fire Magic


You had 9 spell levels left.
You knew the following spells:

 Your Spells              Type           Power        Failure   Level
a - Magic Dart            Conj           100%         1%          1
b - Searing Ray           Conj           80%          1%          2
c - Iskenderun's Mystic   Conj/Tloc      31%          10%         4
d - Foxfire               Conj/Fire      100%         1%          1

Your spell library contained the following spells:

 Spells                   Type           Power        Failure   Level
 Shock                    Conj/Air       92%          1%          1
 Dazzling Flash           Conj/Hex       46%          6%          3
 Fulminant Prism          Conj/Hex       11%          19%         4


Dungeon Overview and Level Annotations

Branches:
Dungeon (7/15)
 Temple: D:4-7

Altars:
Cheibriados
Gozag
Makhleb
Nemelex Xobeh
Sif Muna
Vehumet
Wu Jian

Shops:
D:4 [


Innate Abilities, Weirdness & Mutations

You can breathe bolts of dispelling energy.
Your rich purple scales are hard. (AC +6)
You cannot fit into any form of body armour.
You are cold-blooded and may be slowed by cold attacks.


Message History

The killer bee stings you!
* * * LOW HITPOINT WARNING * * *
You are poisoned.
The killer bee poisons you! The killer bee closely misses you.
You hit the killer bee.
The killer bee is poisoned.
The killer bee is lightly wounded.
You feel sick. The killer bee barely misses you.
The killer bee closely misses you.
Casting: Searing Ray (safe; 1% risk of failure)
Confirm with . or Enter, or press ? or * to list all spells.
Aiming: Magic Dart (safe; 1% risk of failure)
Press: ? - help, Shift-Dir - straight line, f/p - killer bee
Aim: a killer bee (moderately wounded, very poisoned, 0% to evade)
Okay, then.
Casting: Magic Dart (safe; 1% risk of failure)
Confirm with . or Enter, or press ? or * to list all spells.
You conjure some foxfire!
You feel sick.
The killer bee stings you but does no damage.
The killer bee stings you!
You die...

#...........### #.....## ##...#
##..........[[###...### #..##
##.###...####..#..## #...#
#..#..### ##....## #...#
###....## ##....## ##....
.#...### #..##..### #.....
...#..# #..###...#####.....
.####.# #v## #............. ##
#.## ##y@###..#####...... # #..#
##...v##..# #.))#.. # ##.###
##.........# #..)###
#...###..###....## ##..# #
#........#####..## ###...##
###.........# ##..###......##
####...........####............##
................##...............
..####...........................


You could see a killer bee (very poisoned).

Vanquished Creatures
  An orc warrior (D:6)
  A sky beast (D:6)
  A bullfrog (D:5)
  A scorpion (D:4)
  A water moccasin skeleton (D:4)
  8 wights
  A howler monkey (D:4)
  2 orc priests
  3 hounds
  3 orc wizards
  An iguana (D:4)
  4 worker ants
  A hound skeleton (D:4)
  7 adders
  A howler monkey skeleton (D:4)
  A shadow imp (D:6)
  2 white imps
  An ufetubus (D:5)
  An ooze (D:1)
  3 worms
  A dart slug (D:2)
  2 leopard geckos
  14 orcs
  A bat (D:2)
  4 giant cockroaches
  7 goblins
  11 hobgoblins
  11 jackals
  8 kobolds
  2 quokkas
  2 ball pythons
  3 frilled lizards
  A leopard gecko skeleton (D:5)
  4 rats
115 creatures vanquished.

Vanquished Creatures (others)
  37 foxfires
37 creatures vanquished.

Grand Total: 152 creatures vanquished

Notes
Turn   | Place    | Note
-------+----------+-------------------------------------------
     0 | D:1      | hawla the Draconian Conjurer began the quest for the Orb.
     0 | D:1      | Reached XP level 1. HP: 14/14 MP: 3/3
   508 | D:1      | Reached XP level 2. HP: 17/22 MP: 5/5
   992 | D:1      | Reached skill level 1 in Translocations
  1004 | D:1      | Reached skill level 1 in Fighting
  1449 | D:2      | Learned a level 2 spell: Searing Ray
  1720 | D:2      | Found a radiant altar of Vehumet.
  1793 | D:2      | Reached XP level 3. HP: 28/28 MP: 3/6
  1837 | D:2      | Became a worshipper of Vehumet
  2231 | D:2      | Found a burning altar of Makhleb.
  2235 | D:2      | Reached XP level 4. HP: 35/35 MP: 3/8
  2240 | D:2      | Learned a level 4 spell: Iskenderun's Mystic Blast
  3034 | D:3      | Found a snail-covered altar of Cheibriados.
  3384 | D:3      | Reached * piety under Vehumet
  3384 | D:3      | Offered knowledge of Foxfire by Vehumet.
  3592 | D:3      | Reached XP level 5. HP: 37/40 MP: 0/9
  3594 | D:3      | Reached skill level 5 in Conjurations
  4088 | D:4      | Got a crude cloak
  4159 | D:4      | Found an ornate altar of the Wu Jian Council.
  4346 | D:4      | Found Buef's Armour Shoppe.
  4363 | D:4      | Reached XP level 6. HP: 47/47 MP: 6/10
  4795 | D:4      | Reached skill level 6 in Conjurations
  5005 | D:4      | Reached skill level 1 in Short Blades
  5078 | D:4      | Your scales start taking on a rich purple colour.
  5078 | D:4      | Reached XP level 7. HP: 52/52 MP: 8/13
  5566 | D:4      | Learned a level 1 spell: Foxfire
  5571 | D:4      | Identified the cursed +0 cloak of Incorporation {rF+ Int+2}
                  | (You found it on level 4 of the Dungeon)
  5577 | D:5      | Entered Level 5 of the Dungeon
  5915 | D:5      | Reached ** piety under Vehumet
  5915 | D:5      | Offered knowledge of Shock by Vehumet.
  6317 | D:5      | Found a sparkling altar of Nemelex Xobeh.
  6317 | D:5      | Found an opulent altar of Gozag.
  6657 | D:6      | Reached skill level 7 in Conjurations
  7277 | D:6      | Reached XP level 8. HP: 44/59 MP: 7/15
  7632 | D:6      | Reached skill level 5 in Spellcasting
  8215 | D:6      | Found a shimmering blue altar of Sif Muna.
  8497 | D:7      | Reached skill level 1 in Fire Magic
  8516 | D:6      | Slain by a killer bee

Illustrated notes

Levels and vault maps discovered:
D:1:      minmay_arrival_cross, layout_basic, chequers_serial_rivers_micro_d,
          kennysheep_pointless_box, minmay_strange_pillars
D:2:      layout_loops_corners, lemuel_round_altar, makhleb_blood_cavern_becter
D:3:      layout_loops_corners, lemuel_round_altar
D:4:      cheibrodos_barr_body, layout_rooms, pdpol_wu_jian_five_deadly_venoms,
          cheibrodos_sewer_entry_bend, serial_shops, nicolae_shop_behind_doors
D:5:      layout_loops_ring, grunt_temple_overflow_opulence
D:6:      layout_layer_cave, lemuel_blue_sif_altar, sigmund_army
D:7:      layout_basic, kiku_gazebo_garden_becter, zin_statuary,
          temple_fountains

Skill      XL: |  1  2  3  4  5  6  7  8 |
---------------+-------------------------+-----
Translocations | 1 2 3 |  3.2
Fighting       | 1 |  1.9
Spellcasting   | 3 4 5 |  5.2
Conjurations   | 5 6 7 |  7.5
Dodging        | 2 3 |  3.4
Short Blades   | 1 2 |  2.3
Stealth        | 2 |  2.6
Fire Magic     | 1 |  1.1

Action                   |  1- 3 |  4- 6 |  7- 9 || total
-------------------------+-------+-------+-------++-------
Melee: Dagger            |    11 |     9 |     8 ||    28
       Unarmed           |     6 |       |       ||     6
       Tailslap          |     2 |     8 |     4 ||    14
       Short sword       |    31 |    70 |    44 ||   145
 Cast: Magic Dart        |    16 |     9 |     5 ||    30
       Searing Ray       |     8 |    25 |    11 ||    44
       Iskenderun's Myst |       |     6 |    13 ||    19
       Foxfire           |       |       |    20 ||    20
 Abil: Breathe Dispellin |       |       |     1 ||     1
  Use: Scroll            |     2 |     5 |     6 ||    13
       Potion            |       |     1 |     1 ||     2
 Stab: Sleeping          |     3 |     3 |       ||     6
Armor: Skin              |    13 |    38 |    32 ||    83
Dodge: Dodged            |    34 |    51 |    42 ||   127
